 Dungeon Crawl Stone Soup version 0.31-a0-166-g46f44d267d (webtiles) character file.

Game seed: 14192510721316231844

1185 qw the Skirmisher (level 8, 0/62 (74) HPs)
             Began as a Naga Hunter on June 13, 2023.
             Slain by a wight
             ... wielding a +0 halberd
              (5 damage)
             ... on level 6 of the Dungeon.
             The game lasted 00:01:45 (4899 turns).

qw the Skirmisher (Naga Hunter)                     Turns: 4899, Time: 00:01:45

HP:   0/62 (74)     AC:  9    Str: 13    XL:     8   Next: 42%
MP:   8/8           EV: 15    Int: 11    God:
Gold: 328           SH:  0    Dex: 16    Spells: 7/7 levels left

rFire   + . .        Y - +0 shortbow
rCold   . . .        (shield currently unavailable)
rNeg    . . .        c - +0 leather armour
rPois   +            a - +2 helmet
rElec   .            (no cloak)
rCorr   .            h - +1 Delatra's gloves {ID++}
SInv    +            (no barding)
Will    +....        e - amulet of the acrobat
Stlth   ++           g - ring of protection from fire
HPRegen 0.30/turn    l - +5 ring of evasion
MPRegen 0.11/turn

%: acrobat
@: heavily drained, very slow
A: AC +2, large, see invisible, deformed body, poison resistance, slowness 2,
spit poison 1, naga tail 1
a: Spit Poison


You were on level 6 of the Dungeon.
You visited 1 branch of the dungeon, and saw 6 of its levels.

You collected 328 gold pieces.


Innate Abilities, Weirdness & Mutations

Your serpentine skin is tough. (AC +2)
You have supernaturally acute eyesight. (SInv)
Armour fits poorly on your strangely shaped body.
Your system is resistant to poisons. (rPois)
You cover ground very slowly.
You can spit poison.
You have a snake-like lower body.


   Skills:
 - Level 5.2 Fighting
 + Level 8.1 Ranged Weapons
 - Level 1.7 Armour
 - Level 2.3 Dodging
 - Level 1.5 Stealth


You had 7 spell levels left.
You didn't know any spells.
Your spell library was empty.

Inventory:

Hand Weapons
 Y - a +0 shortbow (weapon)
Armour
 a - a +2 helmet (worn)
 c - a +0 leather armour (worn)
 h - the +1 Delatra's gloves (worn) {ID++}
   (You found it on level 2 of the Dungeon)

   ID++:      It heals its wearer when they drink unknown potions, and restores
   their MP when they read unknown scrolls.
Jewellery
 e - an amulet of the acrobat (around neck)
 g - a ring of protection from fire (left hand)
 l - a +5 ring of evasion (right hand)
Scrolls
 i - 3 scrolls of identify
 n - a scroll of teleportation {unknown}
 o - a scroll of noise {unknown}
Potions
 d - 4 potions of curing
 f - a potion of mutation
 j - 3 potions of might
 k - a potion of haste
 m - a potion of berserk rage {unknown}
 p - a potion of enlightenment {unknown}

Dungeon Overview and Level Annotations

Branches:
Dungeon (6/15)
 Temple: D:4-7

Altars:
Qazlal
Sif Muna

Shops:
D:4 [


Message History

4891 ||| DRINKING 2 potions of heal wounds.
You feel much better.
The wight hits you with a +3 war axe of freezing.
The wight freezes you. The wight barely misses you. x2
The wight closely misses you.
You shoot an arrow. The arrow hits the wight.
You destroy the wight!
The wight hits you with a +3 war axe of freezing!
You feel drained. The wight freezes you. The wight closely misses you.
The wight hits you from afar with a +0 halberd.
You feel drained.
Your Fighting skill increases to level 5!
4893 ||| DRINKING potion of heal wounds.
You feel much better.
The wight hits you with a +3 war axe of freezing!
The wight freezes you. The wight hits you with a +2 mace!
You feel drained. The wight barely misses you.
You shoot an arrow. The arrow completely misses the wight.
The wight closely misses you. The wight misses you.
The wight hits you but does no damage.
You shoot an arrow. The arrow barely misses the wight.
The wight barely misses you. x2; The wight hits you with a +2 mace.
You shoot an arrow. The arrow closely misses the wight.
The wight hits you with a +3 war axe of freezing.
The wight freezes you. The wight misses you. The wight closely misses you.
You shoot an arrow. The arrow barely misses the wight.
The wight hits you with a +3 war axe of freezing.
You feel drained. The wight freezes you. The wight closely misses you.
The wight misses you.
You shoot an arrow. The arrow hits the wight!
The wight is heavily damaged.
The wight hits you with a +3 war axe of freezing.
The wight freezes you. The wight hits you with a +2 mace.
The wight closely misses you.
You shoot an arrow.
The arrow hits the wight but does no damage.
The wight is heavily damaged.
The wight barely misses you. x2
The wight hits you from afar with a +0 halberd.
You die...

...#..# .###..##
#............. .###...#
#.............
.##....####.............
.........#..............
........................
........................
........................
................@)......
...<...........zz.).....
..................z.....
........................
........................
........................
........................
........................
.....................


You could see 3 wights.

Vanquished Creatures
  Sigmund (D:3)
  3 ice beasts
  A centaur (D:5)
  2 phantoms (D:5)
  2 wights (D:6)
  4 hounds
  A sleepcap (D:4)
  Natasha (twice) (D:2)
  An iguana (D:5)
  Robin (D:2)
  9 adders
  2 dart slugs
  3 orcs
  6 ball pythons
  9 endoplasms
  2 giant cockroaches
  23 goblins
  5 hobgoblins
  4 jackals (D:3)
  11 kobolds
  2 quokkas (D:1)
  5 bats
  4 frilled lizards
  4 rats
107 creatures vanquished.

Notes
Turn   | Place    | Note
-------+----------+-------------------------------------------
     0 | D:1      | qw the Naga Hunter began the quest for the Orb.
     0 | D:1      | Reached XP level 1. HP: 19/19 MP: 1/1
     0 | D:1      | 0 ||| qw: Version: 0.2-a-29-gc1b59c4
     0 | D:1      | 0 ||| qw: Game counter: 4829
     0 | D:1      | 0 ||| qw: Always use a shield: true
     0 | D:1      | 0 ||| qw: God list: Okawaru
     0 | D:1      | 0 ||| qw: Allow faded altars: false
     0 | D:1      | 0 ||| qw: Do Orc after D:15 true
     0 | D:1      | 0 ||| qw: Do second Lair branch before Depths: true
     0 | D:1      | 0 ||| qw: Lair rune preference: random
     0 | D:1      | 0 ||| qw: Plans: Normal
     0 | D:1      | 0 ||| PLANNING D:1-11
    34 | D:1      | 34 ||| INVOKING Spit Poison.
    55 | D:1      | 55 ||| INVOKING Spit Poison.
    71 | D:1      | 71 ||| INVOKING Spit Poison.
   101 | D:1      | 101 ||| INVOKING Spit Poison.
   115 | D:1      | Reached skill level 4 in Ranged Weapons
   115 | D:1      | Reached XP level 2. HP: 26/26 MP: 2/2
   148 | D:1      | 148 ||| INVOKING Spit Poison.
   163 | D:1      | 163 ||| INVOKING Spit Poison.
   211 | D:1      | 211 ||| INVOKING Spit Poison.
   249 | D:1      | 249 ||| INVOKING Spit Poison.
   285 | D:1      | 285 ||| INVOKING Spit Poison.
   298 | D:1      | 298 ||| INVOKING Spit Poison.
   343 | D:1      | 343 ||| INVOKING Spit Poison.
   368 | D:1      | Reached XP level 3. HP: 32/32 MP: 3/3
   369 | D:1      | 369 ||| INVOKING Spit Poison.
   401 | D:1      | 401 ||| INVOKING Spit Poison.
   614 | D:1      | 614 ||| INVOKING Spit Poison.
   633 | D:1      | 633 ||| UPGRADING to amulet of the acrobat.
   638 | D:1      | 638 ||| UPGRADING to ring of protection from fire.
   639 | D:1      | 639 ||| READING scroll labelled VAPNYAHEDU.
   640 | D:1      | 640 ||| DROPPING scroll of butterflies.
   708 | D:2      | Noticed Robin
   709 | D:2      | 709 ||| INVOKING Spit Poison.
   711 | D:2      | 711 ||| Stepping ~*~*~tactically~*~*~ (outnumbered).
   715 | D:2      | 715 ||| INVOKING Spit Poison.
   722 | D:2      | 722 ||| INVOKING Spit Poison.
   722 | D:2      | Killed Robin
   726 | D:2      | 726 ||| INVOKING Spit Poison.
   727 | D:2      | HP: 8/32 [goblin/+0 dagger[Robin] (3)]
   730 | D:2      | 730 ||| INVOKING Spit Poison.
   732 | D:2      | HP: 4/32 [goblin/+0 dagger[Robin] (1)]
   734 | D:2      | Reached skill level 5 in Ranged Weapons
   734 | D:2      | Reached XP level 4. HP: 4/39 MP: 4/4
   774 | D:2      | 774 ||| FLEEEEING.
   775 | D:2      | 775 ||| FLEEEEING.
   776 | D:2      | 776 ||| STAIRDANCE
   864 | D:1      | 864 ||| READING scroll labelled ADDAIKH KYOBEAWA.
   867 | D:2      | 867 ||| INVOKING Spit Poison.
   908 | D:2      | Found the +1 Delatra's gloves {ID++}
   935 | D:2      | 935 ||| INVOKING Spit Poison.
   940 | D:2      | 940 ||| INVOKING Spit Poison.
   943 | D:2      | 943 ||| INVOKING Spit Poison.
   946 | D:2      | 946 ||| INVOKING Spit Poison.
  1241 | D:2      | Noticed Natasha
  1242 | D:2      | 1242 ||| INVOKING Spit Poison.
  1248 | D:2      | 1248 ||| INVOKING Spit Poison.
  1248 | D:2      | Killed Natasha
  1249 | D:2      | Reached skill level 3 in Fighting
  1281 | D:2      | 1281 ||| INVOKING Spit Poison.
  1286 | D:2      | 1286 ||| INVOKING Spit Poison.
  1336 | D:2      | Found a faded altar of an unknown god.
  1337 | D:2      | 1337 ||| INVOKING Spit Poison.
  1371 | D:2      | 1371 ||| INVOKING Spit Poison.
  1442 | D:2      | 1442 ||| INVOKING Spit Poison.
  1494 | D:2      | Noticed Natasha
  1495 | D:2      | 1495 ||| INVOKING Spit Poison.
  1500 | D:2      | 1500 ||| INVOKING Spit Poison.
  1503 | D:2      | Killed Natasha
  1504 | D:2      | Reached XP level 5. HP: 30/49 MP: 5/5
  1597 | D:2      | You fall into a shaft and drop 1 floor!
  1599 | D:3      | 1599 ||| INVOKING Spit Poison.
  1645 | D:3      | Found a shimmering blue altar of Sif Muna.
  1646 | D:3      | 1646 ||| INVOKING Spit Poison.
  1694 | D:3      | 1694 ||| INVOKING Spit Poison.
  1735 | D:3      | 1735 ||| UPGRADING to +2 helmet.
  1740 | D:3      | 1740 ||| UPGRADING to +1 Delatra's gloves {ID++}.
  1745 | D:3      | 1745 ||| DROPPING amulet of guardian spirit.
  1746 | D:3      | 1746 ||| READING 2 scrolls labelled JELUET RIXEO.
  1747 | D:3      | 1747 ||| DRINKING 2 silvery potions.
  1748 | D:3      | 1748 ||| DROPPING scroll of fear.
  1808 | D:2      | 1808 ||| INVOKING Spit Poison.
  1866 | D:2      | 1866 ||| INVOKING Spit Poison.
  1871 | D:2      | 1871 ||| INVOKING Spit Poison.
  1971 | D:2      | 1971 ||| INVOKING Spit Poison.
  2051 | D:3      | 2051 ||| INVOKING Spit Poison.
  2059 | D:3      | Noticed Sigmund
  2061 | D:3      | 2061 ||| INVOKING Spit Poison.
  2068 | D:3      | 2068 ||| INVOKING Spit Poison.
  2072 | D:3      | 2072 ||| INVOKING Spit Poison.
  2078 | D:3      | 2078 ||| INVOKING Spit Poison.
  2083 | D:3      | 2083 ||| INVOKING Spit Poison.
  2090 | D:3      | 2090 ||| INVOKING Spit Poison.
  2090 | D:3      | Killed Sigmund
  2091 | D:3      | Reached skill level 6 in Ranged Weapons
  2091 | D:3      | Reached XP level 6. HP: 28/56 MP: 6/6
  2231 | D:3      | 2231 ||| INVOKING Spit Poison.
  2319 | D:3      | 2319 ||| INVOKING Spit Poison.
  2586 | D:3      | 2586 ||| INVOKING Spit Poison.
  2591 | D:3      | 2591 ||| INVOKING Spit Poison.
  2638 | D:3      | 2638 ||| READING 3 scrolls of identify.
  2638 | D:3      | 2638 ||| IDENTIFYING viscous red potion
  2639 | D:3      | 2639 ||| READING 2 scrolls of identify.
  2639 | D:3      | 2639 ||| IDENTIFYING fizzy coppery potion
  2699 | D:4      | 2699 ||| INVOKING Spit Poison.
  2702 | D:4      | 2702 ||| INVOKING Spit Poison.
  2736 | D:4      | 2736 ||| INVOKING Spit Poison.
  2743 | D:4      | 2743 ||| INVOKING Spit Poison.
  2768 | D:4      | 2768 ||| INVOKING Spit Poison.
  2773 | D:4      | 2773 ||| INVOKING Spit Poison.
  2795 | D:4      | 2795 ||| INVOKING Spit Poison.
  2883 | D:4      | Found Nezha's Dragon-Slaying Spoils.
  2890 | D:4      | 2890 ||| SHOPLISTING +0 acid dragon scales (400 gold, have
                  | 158).
  2890 | D:4      | 2890 ||| SHOPLISTING +1 steam dragon scales (470 gold, have
                  | 158).
  2890 | D:4      | 2890 ||| SHOPLISTING +2 swamp dragon scales (620 gold, have
                  | 158).
  2890 | D:4      | 2890 ||| SHOPLISTING quicksilver dragon scales (600 gold,
                  | have 158).
  2947 | D:4      | 2947 ||| INVOKING Spit Poison.
  2953 | D:4      | 2953 ||| INVOKING Spit Poison.
  2954 | D:4      | Reached XP level 7. HP: 60/64 MP: 7/7
  2973 | D:4      | 2973 ||| DROPPING +2 sling of freezing.
  3000 | D:4      | 3000 ||| INVOKING Spit Poison.
  3007 | D:4      | 3007 ||| INVOKING Spit Poison.
  3008 | D:4      | 3008 ||| INVOKING Spit Poison.
  3083 | D:4      | 3083 ||| INVOKING Spit Poison.
  3304 | D:4      | 3304 ||| INVOKING Spit Poison.
  3320 | D:4      | Found a stormy altar of Qazlal.
  3330 | D:4      | 3330 ||| INVOKING Spit Poison.
  3390 | D:4      | 3390 ||| UPGRADING to +5 ring of evasion.
  3391 | D:4      | 3391 ||| READING 3 scrolls of identify.
  3391 | D:4      | 3391 ||| IDENTIFYING bubbling ruby potion
  3392 | D:4      | 3392 ||| READING 2 scrolls of identify.
  3392 | D:4      | 3392 ||| IDENTIFYING red potion
  3409 | D:5      | Entered Level 5 of the Dungeon
  3460 | D:5      | 3460 ||| INVOKING Spit Poison.
  3467 | D:5      | 3467 ||| INVOKING Spit Poison.
  3470 | D:5      | Reached skill level 7 in Ranged Weapons
  3667 | D:5      | 3667 ||| INVOKING Spit Poison.
  3796 | D:5      | 3796 ||| INVOKING Spit Poison.
  3802 | D:5      | 3802 ||| INVOKING Spit Poison.
  3807 | D:5      | 3807 ||| INVOKING Spit Poison.
  3835 | D:5      | Reached skill level 1 in Armour
  3941 | D:5      | 3941 ||| INVOKING Spit Poison.
  3946 | D:5      | 3946 ||| INVOKING Spit Poison.
  3970 | D:5      | 3970 ||| INVOKING Spit Poison.
  3975 | D:5      | 3975 ||| INVOKING Spit Poison.
  3984 | D:5      | Reached XP level 8. HP: 47/72 MP: 8/8
  4223 | D:5      | 4223 ||| INVOKING Spit Poison.
  4244 | D:5      | Identified the +0 robe of Joy {Rampage *Slow rElec rN++}
  4391 | D:5      | 4391 ||| DROPPING +0 robe of Joy {Rampage *Slow rElec
                  | rN++}.
  4392 | D:5      | 4392 ||| READING scroll labelled FEWKAON TORUIF.
  4393 | D:5      | 4393 ||| READING scroll labelled OTZEEPYKEFF.
  4502 | D:5      | 4502 ||| READING 4 scrolls of identify.
  4502 | D:5      | 4502 ||| IDENTIFYING fizzy orange potion
  4503 | D:5      | 4503 ||| READING 3 scrolls of identify.
  4503 | D:5      | 4503 ||| IDENTIFYING sapphire potion
  4504 | D:5      | 4504 ||| READING 2 scrolls of identify.
  4504 | D:5      | 4504 ||| IDENTIFYING golden potion
  4505 | D:5      | 4505 ||| DROPPING potion of lignification.
  4506 | D:5      | 4506 ||| DROPPING potion of attraction.
  4507 | D:5      | 4507 ||| DROPPING potion of magic.
  4535 | D:6      | 4535 ||| INVOKING Spit Poison.
  4555 | D:6      | Reached skill level 8 in Ranged Weapons
  4890 | D:6      | HP: 16/67 [wight/+3 war axe of freezing (1)]
  4891 | D:6      | 4891 ||| DRINKING 2 potions of heal wounds.
  4893 | D:6      | 4893 ||| DRINKING potion of heal wounds.
  4896 | D:6      | HP: 14/63 [wight/+3 war axe of freezing (3)]
  4898 | D:6      | HP: 4/62 [wight/+2 mace (5)]
  4899 | D:6      | Slain by a wight

Levels and vault maps discovered:
D:1:      lightli_arrival_boilingwater, layout_loops_ring,
          nicolae_figureground_sparkle
D:2:      layout_loops_ring, basic_ecumenical_altar, uniq_natasha, uniq_robin
D:3:      layout_loops_ring, mainiacjoe_overflow_24_doors, uniq_sigmund
D:4:      layout_rooms, lemuel_round_altar, nicolae_shop_dragon_depot,
          minmay_misc_feat_x, minmay_increasing_density
D:5:      layout_gridville, kennysheep_doodads
D:6:      layout_layer_cave, nicolae_dithmenos_the_darkroom, abandoned_shop,
          nicolae_the_louvre

Skill      XL: |  1  2  3  4  5  6  7  8 |
---------------+-------------------------+-----
Ranged Weapons | 4 5 6 7 8 |  8.1
Fighting       | 3 4 5 |  5.2
Dodging        | 2 |  2.3
Armour         | 1 |  1.7
Stealth        | |  1.5

Action                     |  1- 3 |  4- 6 |  7- 9 || total
---------------------------+-------+-------+-------++-------
   Fire: Shortbow          |    48 |   124 |   151 ||   323
Ability: Spit Poison       |    19 |    41 |    17 ||    77
    Use: Scroll            |     1 |     4 |     7 ||    12
         Potion            |       |     1 |     2 ||     3
 Armour: Leather armour    |    11 |    41 |    29 ||    81
  Dodge: Dodged            |     9 |    67 |    80 ||   156

Table legend:
 A = Non-vault XP
 B = Vault XP
 C = Vault XP percentage of total XP
 D = Non-vault monster count
 E = Vault monster count
 F = Vault count percentage of total count
                 A         B        C        D         E       F
            +---------+---------+-------+---------+---------+-------
      Total |    1360 |     333 |  19.7 |      86 |      21 |  19.6
            +---------+---------+-------+---------+---------+-------
        D:1 |      44 |       0 |   0.0 |      25 |       0 |   0.0
        D:2 |     101 |      74 |  42.3 |      19 |      14 |  42.4
        D:3 |      42 |     223 |  84.2 |      16 |       1 |   5.9
        D:4 |     158 |      36 |  18.6 |      12 |       6 |  33.3
        D:5 |     569 |       0 |   0.0 |       9 |       0 |   0.0
        D:6 |     446 |       0 |   0.0 |       5 |       0 |   0.0
            +---------+---------+-------+---------+---------+-------
